 Dungeon Crawl Stone Soup version 0.23.2-40-g277498a001 (webtiles) character file.

Game seed: 11008464617481802632

55 Martska the Ducker (level 3, -1/27 HPs)
             Began as a Merfolk Ice Elementalist on Oct 1, 2019.
             Slain by a worker ant (8 damage)
             ... on level 2 of the Dungeon.
             The game lasted 00:06:59 (2022 turns).

Martska the Ducker (Merfolk Ice Elementalist)       Turns: 2022, Time: 00:07:00

Health: -1/27      AC:  3    Str:  8    XL:     3   Next: 93%
Magic:  1/6        EV: 14    Int: 14    God:
Gold:   71         SH:  0    Dex: 15    Spells: 0/6 levels left

rFire    . . .     SeeInvis .   e - +0 club
rCold    . . .     Gourm    .   (no shield)
rNeg     . . .     Faith    .   a - +0 robe
rPois    +         Spirit   .   (no helmet)
rElec    .         Reflect  .   (no cloak)
rCorr    .         Harm     .   h - +0 pair of gloves
MR       .....                  (no boots)
Stlth    ++........             (no amulet)
HPRegen  0.09/turn              l - ring of poison resistance
MPRegen  0.10/turn              (no ring)

@: no status effects
A: change form in water, swift swim, stealthy swim
a: no special abilities


You were on level 2 of the Dungeon.
You were very hungry.

You visited 1 branch of the dungeon, and saw 2 of its levels.

You collected 71 gold pieces.

Inventory:

Hand Weapons
 e - a +0 club (weapon)
Missiles
 b - 41 arrows
Armour
 a - a +0 robe (worn)
 h - a +0 pair of gloves (worn)
Jewellery
 l - a ring of poison resistance (left hand)
Scrolls
 f - 2 scrolls of identify {unknown}
 j - 2 scrolls of teleportation {unknown}
Potions
 d - a potion of heal wounds {unknown}
 g - 2 potions of curing {unknown}
 i - a potion of lignification {unknown}
 k - a potion of degeneration {unknown}
Comestibles
 c - 3 rations


   Skills:
 * Level 1.9 Fighting
 * Level 3.7 Dodging
 + Level 2.6 Stealth
 + Level 2.2 Spellcasting
 - Level 0.7 Conjurations
 + Level 0.4 Charms
 + Level 3.5 Ice Magic


You couldn't memorise any spells.
You knew the following spells:

 Your Spells              Type           Power        Failure   Level  Hunger
a - Freeze                Ice            ##..         5%          1    #......
b - Throw Frost           Conj/Ice       #.....       14%         2    ###....
c - Ozocubu's Armour      Chrm/Ice       #.......     30%         3    ###....

Your spell library contained the following spells:

 Spells                   Type           Power        Failure   Level  Hunger
 Throw Icicle             Conj/Ice       #.......     67%         4    #####..
 Summon Ice Beast         Ice/Summ       #.......     73%         4    #####..


Dungeon Overview and Level Annotations

Branches:
Dungeon (2/15)

Altars:


Message History

The worker ant bites you.
The worker ant waves its antennae.
The worker ant misses you.
You hit the worker ant but do no damage.
The worker ant is severely wounded.
The worker ant completely misses you. The worker ant bites you.
Casting: Freeze (safe; 5% risk of failure)
Confirm with . or Enter, or press ? or * to list all spells.
Aiming: Freeze (safe; 5% risk of failure)
Press: ? - help, Shift-Dir - straight line, f/p - worker ant
Aim: a worker ant (severely wounded)
You freeze the worker ant.
The worker ant is severely wounded.
The kobold shouts!
The frilled lizard misses you. The worker ant bites you.
The worker ant closely misses you. The worker ant bites you.
* * * LOW HITPOINT WARNING * * *
The worker ant bites you!
You die...

#.g..gK. #######
#.#####. #.....#
#.# #.
###.###+########.#
##
#.........##.....#
#....<....##....##
#..รท......##....#
#.........##..K.#
#.....@...##....#
#....a....##....#
#.........##....#
###l########.g..#
#g########....#
#...lg.K......#
##########....#
#..(.# #....#


You could see a worker ant, a goblin and a frilled lizard.

Vanquished Creatures
  An adder (D:2)
  An ooze (D:2)
  A worm (D:2)
  A dart slug (D:1)
  A leopard gecko (D:1)
  A ball python (D:1)
  2 giant cockroaches
  4 goblins
  6 hobgoblins
  5 bats
  5 frilled lizards
  6 kobolds
  5 rats (D:1)
39 creatures vanquished.

Notes
Turn   | Place    | Note
-------+----------+-------------------------------------------
     0 | D:1      | Martska the Merfolk Ice Elementalist began the quest for
                  | the Orb.
     0 | D:1      | Reached XP level 1. HP: 13/13 MP: 3/3
   411 | D:1      | Reached XP level 2. HP: 14/20 MP: 1/5
   720 | D:1      | Reached skill level 1 in Fighting
  1119 | D:1      | Reached XP level 3. HP: 21/26 MP: 2/6
  1306 | D:1      | Learned a level 2 spell: Throw Frost
  1310 | D:1      | Learned a level 3 spell: Ozocubu's Armour
  2022 | D:2      | Slain by a worker ant

Skill      XL: |  1  2 |
---------------+-------+-----
Dodging        | 3 |  3.7
Fighting       | 1 |  1.9
Stealth        | |  2.6
Spellcasting   | |  2.2
Conjurations   | |  0.7
Charms         | |  0.4
Ice Magic      | |  3.5

Action                   || total
-------------------------++-------
Melee: Unarmed           ||     3
       Club              ||    27
 Cast: Freeze            ||    65
  Eat: Ration            ||     1
Armor: Robe              ||    13
Dodge: Dodged            ||    98
